 Dungeon Crawl Stone Soup version 0.30-a0-881-g1ff12e1e11 (webtiles) character file.

Game seed: 4851688370216866779

51 OrthodoxDeviant the Firebug (level 3, 0/19 HPs)
             Began as a Tengu Fire Elementalist on Mar 14, 2023.
             Slain by an orc
             ... wielding a +0 short sword
              (3 damage)
             ... on level 2 of the Dungeon.
             The game lasted 00:07:33 (1538 turns).

OrthodoxDeviant the Firebug (TeFE)                  Turns: 1538, Time: 00:07:33

Health: 0/19       AC:  2    Str:  8    XL:     3   Next: 81%
Magic:  1/7        EV: 12    Int: 17    God:
Gold:   30         SH:  0    Dex: 14    Spells: 3/6 levels left

rFire   . . .      SeeInvis .    c - +0 rapier
rCold   . . .      Faith    .    (no shield)
rNeg    . . .      Spirit   .    a - +0 robe
rPois   .          Reflect  .    (helmet restricted)
rElec   .          Rampage  .    (no cloak)
rCorr   .                        (no gloves)
Will    .....                    (boots unavailable)
Stlth   ++                       (no amulet)
HPRegen 0.23/turn                (no ring)
MPRegen 0.10/turn                (no ring)

@: no status effects
A: beak, talons 3
a: no special abilities


You were on level 2 of the Dungeon.
You visited 1 branch of the dungeon, and saw 2 of its levels.

You collected 30 gold pieces.

Inventory:

Hand Weapons
 c - a +0 rapier (weapon)
Armour
 a - a +0 robe (worn)
Scrolls
 e - a scroll of amnesia {unknown}
 f - a scroll of immolation {unknown}
 g - a scroll of poison {unknown}
Potions
 b - a potion of magic
 d - a potion of attraction {unknown}
 h - a potion of heal wounds {unknown}


   Skills:
 - Level 2.3 Dodging
 - Level 2.1 Stealth
 + Level 2.4 Spellcasting
 * Level 3.0 Conjurations
 * Level 4.0 Fire Magic


You had 3 spell levels left.
You knew the following spells:

 Your Spells              Type           Power      Damage    Failure   Level
a - Foxfire               Conj/Fire      56%        2x1d6     4%          1
b - Scorch                Fire           30%        2d7       5%          2

Your spell library contained the following spells:

 Spells                   Type           Power      Damage    Failure   Level
 Inner Flame              Hex/Fire       8%         N/A       24%         3
 Kindle Blastsparks       Fire/Tloc/Air  12%        2d11      32%         3
 Ozocubu's Armour         Ice            2%         N/A       50%         3
 Flame Wave               Conj/Fire      14%        2d6       41%         4
 Ozocubu's Refrigeration  Ice            1%         4d7       100%        7
 Chain Lightning          Conj/Air       3%         3d4       100%        9
 Fire Storm               Conj/Fire      7%         8d2       100%        9
 Shatter                  Erth           1%         3d5*      100%        9


Dungeon Overview and Level Annotations

Branches:
Dungeon (2/15)

Altars:


Innate Abilities, Weirdness & Mutations

You have a beak for a mouth.
You have claws for feet.


Message History

The orc attacks as you move away! The orc hits you with a +0 short sword.
The orc attacks as you move away! The orc closely misses you.
Casting: Foxfire (safe; 4% risk of failure)
Confirm with . or Enter, or press ? or * to list all spells.
You conjure some foxfire!
The orc barely misses you.
Your foxfire dissipates!
The orc attacks as you move away! The orc closely misses you.
The foxfire hits the orc but does no damage.
The orc is heavily wounded.
The orc attacks as you move away! The orc completely misses you.
Casting: Foxfire (safe; 4% risk of failure)
Confirm with . or Enter, or press ? or * to list all spells.
You conjure some foxfire!
The orc completely misses you.
Your foxfire dissipates!
The orc hits you with a +0 short sword. The orc attacks as you move away!
The orc barely misses you.
An orc comes into view. It is wielding a +0 flail.
The orc attacks as you move away! The orc barely misses you.
The orc shouts!
Casting: Foxfire (safe; 4% risk of failure)
Confirm with . or Enter, or press ? or * to list all spells.
Flames lash the ball python.
You kill the ball python!
The orc misses you.
Your Conjurations skill increases to level 3!
Casting: Scorch (safe; 5% risk of failure)
Confirm with . or Enter, or press ? or * to list all spells.
You don't know that spell.
You hit the orc but do no damage.
The orc is heavily wounded.
The orc hits you with a +0 flail. The orc hits you with a +0 short sword.
You hit the orc but do no damage.
The orc is heavily wounded.
The orc barely misses you. The orc hits you with a +0 short sword.
You closely miss the orc. Your kick misses the orc.
The orc is heavily wounded.
The orc barely misses you. The orc hits you with a +0 short sword.
* * * LOW HITPOINT WARNING * * *
The orc hits you with a +0 short sword.
You die...

#....#
#####....#
#.......##
#.......########
#.......#......#
#.......#.####.#
#......##.# #.#
#......##.# #o#
####......# #@#
#...##### #o#
#####...#####
#.#
...o'...'..>#
#.#
#####...##..#
#.# #...#...#
#.# #...#..##
#.######
#####..#
#......# #o.#
######.#


You could see 2 orcs.

Vanquished Creatures
  An adder (D:2)
  A dart slug (D:1)
  A worm (D:2)
  4 endoplasms
  4 goblins (D:1)
  3 hobgoblins
  2 jackals (D:1)
  2 quokkas (D:1)
  5 ball pythons
  4 bats
  3 frilled lizards (D:1)
  2 kobolds
  2 rats (D:1)
34 creatures vanquished.

Vanquished Creatures (others)
  70 foxfires
70 creatures vanquished.

Grand Total: 104 creatures vanquished

Notes
Turn   | Place    | Note
-------+----------+-------------------------------------------
     0 | D:1      | OrthodoxDeviant the Tengu Fire Elementalist began the quest
                  | for the Orb.
     0 | D:1      | Reached XP level 1. HP: 10/10 MP: 4/4
   157 | D:1      | Reached XP level 2. HP: 15/15 MP: 3/6
   160 | D:1      | Learned a level 2 spell: Scorch
   880 | D:1      | Reached XP level 3. HP: 19/19 MP: 3/7
  1482 | D:2      | Reached skill level 4 in Fire Magic
  1538 | D:2      | Slain by an orc

Illustrated notes

Levels and vault maps discovered:
D:1:      lordsloth_arrival_two_stooges, layout_basic
D:2:      layout_basic, minmay_pentomino_x4

Skill      XL: |  1  2  3 |
---------------+----------+-----
Conjurations   | 2 3 |  3.0
Fire Magic     | 4 |  4.0
Dodging        | |  2.3
Stealth        | |  2.1
Spellcasting   | |  2.4

Action                     || total
---------------------------++-------
  Melee: Rapier            ||     3
   Cast: Foxfire           ||    47
         Scorch            ||     7
 Armour: Robe              ||     1
  Dodge: Dodged            ||    18

Table legend: (Time is in decaauts)
 A = Elapsed time spent in this place.
 B = Non-inter-level travel time spent in this place.
 C = Inter-level travel time spent in this place.
 D = Time resting spent in this place.
 E = Time spent auto-exploring this place.
 F = Levels seen in this place.
 G = Mean time per level.
                   A        B        C        D        E       F      G
               +--------+--------+--------+--------+--------+-----+--------+
         Total |   1538 |   1406 |    132 |     90 |   1044 |   2 |  769.0 |
       Dungeon |   1538 |   1406 |    132 |     90 |   1044 |   2 |  769.0 |
               +--------+--------+--------+--------+--------+-----+--------+

Top non-repeatable levels by time:
     D:1: 1207 daAuts
     D:2: 330 daAuts
